Map: 2000 애트모스피어 - 래더

Players

Dream

  • Race: Terran Terran

Rogue - Winner!

  • Race: Zerg Zerg

Event: IEM Katowice 2022

VOD

Have the link to the VOD?

Description

Time

  • Played on: Feb. 24, 2022, 8:21 a.m.
  • Length: 3:30

All games in this series

Show
View Real Time Build Order
Export as new Build Order

Dream Terran 

Build Orders:  

Get SALT Encoding   

  12  0:00  SCV  
  13  0:12  SCV  
  14  0:18  Supply Depot  
  14  0:24  SCV  
  15  0:40  Barracks  
  15  0:51  Barracks  
  15  0:54  SCV  
  16  1:06  SCV  
  17  1:16  Refinery  
  17  1:18  SCV  
  18  1:26  Marine  
  18  1:31  Orbital Command  
  19  1:38  Bunker, Marine  
  20  1:44  Marine  
  20  1:45  Supply Depot  
  21  1:56  SCV, Marine  
  23  2:06  Marine  
  23  2:11  SCV  
  23  2:14  Marine  
  23  2:23  SCV  
  23  2:29  Marine, Factory  
  25  2:32  Marine  
  25  2:36  SCV  
  27  2:39  Bunker  
  27  2:49  SCV  
  29  2:53  Command Center  
  28  3:00  Supply Depot  
  28  3:01  SCV  
  29  3:13  SCV  
  29  3:16  Starport  
Show
View Real Time Build Order
Export as new Build Order

Rogue Zerg - Winner!

Build Orders: Pool First 

Get SALT Encoding   

  12  0:01  Drone  
  13  0:12  Overlord  
  13  0:17  Drone  
  14  0:31  Drone x2  
  14  0:35  Drone  
  17  0:45  Drone, Extractor  
  17  0:50  Spawning Pool  
  17  0:56  Drone  
  17  1:06  Drone  
  18  1:17  Hatchery  
  17  1:37  Zergling x4  
  17  1:38  Queen  
  17  1:39  Zergling x2  
  22  1:51  Spine Crawler  
  22  1:52  Metabolic Boost  
  21  2:04  Zergling x2  
  21  2:30  Zergling x6  
  21  2:36  Zergling x2  
  25  2:40  Zergling x2  
  26  2:46  Overlord  
  26  2:52  Zergling x4  
  28  3:05  Drone  
  28  3:06  Drone x3  
  28  3:07  Drone  

Tags
 
Add a new tag
Caveats
  • Supply blocks, unpowered buildings, or Contaminate may cause inaccurate times.
  • Supply counts are checked every 10 seconds.